 Dungeon Crawl Stone Soup version 0.30.1-9-gdf580d7c3d (webtiles) character file.

Game seed: 2955999583828319000

151 KittyFluff the Cudgeller (level 5, 0/49 HPs)
             Began as a Gargoyle Berserker on Oct 15, 2023.
             Was a Believer of Trog.
             Slain by a black bear (5 damage)
             ... on level 4 of the Dungeon.
             The game lasted 00:10:50 (2448 turns).

KittyFluff the Cudgeller (Gargoyle Berserker)       Turns: 2448, Time: 00:10:51

Health: 0/49       AC:  9    Str: 23    XL:     5   Next: 33%
Magic:  5/5        EV: 12    Int:  7    God:    Trog [**....]
Gold:   176        SH:  0    Dex:  9    Spells: 4/4 levels left

rFire   . . .        a - +0 mace
rCold   . . .        (no shield)
rNeg    + + +        r - +2 robe {rN+}
rPois   ∞            k - +0 helmet
rElec   +            (no cloak)
rCorr   .            (no gloves)
SInv    .            (no boots)
Will    .....        (no amulet) Stlth
                     v - ring of positive energy
HPRegen 0.28/turn    (no ring)
MPRegen 0.09/turn

%: no passive effects
@: berserking, very quick
A: sickness immunity, AC +4, negative energy resistance 1, electricity
resistance, torment resistance 1, petrification resistance
a: Renounce Religion, Berserk, Trog's Hand


You were on level 4 of the Dungeon.
You worshipped Trog.
Trog was pleased with you.
You visited 1 branch of the dungeon, and saw 4 of its levels.

You collected 176 gold pieces.

Inventory:

Hand Weapons
 a - a +0 mace (weapon)
Armour
 b - the +3 chain mail of Atheism {Dex+8}
   (You found it on level 2 of the Dungeon)

   Dex:       It affects your dexterity (+8).
 k - a +0 helmet (worn)
 l - a +0 leather armour
 r - a +2 robe of positive energy (worn)
 x - a +1 chain mail of cold resistance
Jewellery
 v - a ring of positive energy (left hand)
Wands
 q - a wand of flame (8)
 w - a wand of digging (6)
Scrolls
 d - a scroll of enchant armour {unknown}
 e - a scroll of enchant weapon {unknown}
 f - 4 scrolls of teleportation {unknown}
 g - 2 scrolls of brand weapon {unknown}
 i - 5 scrolls of identify
 j - a scroll of immolation {unknown}
 n - a scroll of poison {unknown}
 s - a scroll of silence {unknown}
 y - a scroll of magic mapping {unknown}
Potions
 c - a potion of invisibility
 h - a potion of haste {unknown}
 m - 2 potions of degeneration {unknown}
 o - 3 potions of curing {unknown}
 p - 4 potions of mutation {unknown}
 t - a potion of cancellation {unknown}
 u - a potion of might {unknown}


   Skills:
 + Level 4.0 Fighting
 * Level 4.1 Maces & Flails
 * Level 3.7 Armour
 + Level 2.2 Dodging


You had 4 spell levels left.
You didn't know any spells.
Your spell library was empty.

Dungeon Overview and Level Annotations

Branches:
Dungeon (4/15)
 Temple: D:4-7

Altars:
Elyvilon

Portals:
Sewer: D:4


Innate Abilities, Weirdness & Mutations

You are immune to sickness and miasma.
Your stone body is resilient. (AC +4)
You are immune to poison.
You resist negative energy. (rN+)
You are resistant to electric shocks. (rElec)
You are resistant to unholy torment.
You are immune to petrification.


Message History

You thump the worm!
You kill the worm!
Trog accepts your kill.
A worm comes into view.
A black bear comes into view.
The black bear growls angrily.
A kobold comes into view. It is wielding a +0 whip.
You see here a scroll of identify.
i - 5 scrolls of identify (gained 1)
You barely miss the black bear. The black bear bites you.
The black bear claws you but does no damage.
The black bear closely misses you.
You barely miss the black bear. The black bear bites you.
The black bear claws you but does no damage. x2
You sock the black bear!
The black bear is heavily wounded.
The black bear bites you.
The black bear claws you but does no damage.
The black bear claws you. The kobold barely misses you.
You hit the black bear.
The black bear is heavily wounded.
The black bear bites you but does no damage.
The black bear barely misses you.
The black bear claws you but does no damage.
The kobold hits you but does no damage. The worm bites you but does no damage.
You sock the black bear!
The black bear is almost dead.
The kobold hits you but does no damage.
The black bear goes berserk!
The kobold hits you with a +0 whip. The black bear bites you!
* * * LOW HITPOINT WARNING * * *
The black bear claws you.
* * * LOW HITPOINT WARNING * * *
The black bear claws you but does no damage.
The worm bites you.
* * * LOW HITPOINT WARNING * * *
A red film seems to cover your vision as you go berserk!
You feel yourself moving faster!
You feel mighty!
The black bear bites you but does no damage.
The black bear claws you.
You die...

.. #.# .#.# #..
..... ~.. . ≈~.~~
#.#####..
~≈.≈≈##........
~~.....~~........
≈~.....~~wK......
~≈..∩....@h.#
~≈.....~~.#####..
~~...~.~~........
#~≈≈≈≈##.#.##.#.
##≈~~≈~##......#
..........#....#
#.#####.###....#
#...........
#.####..####...#.


You could see a black bear (berserk), a worm and a kobold.

Vanquished Creatures
  Jessica (D:2)
  Ijyb (D:3)
  3 gnolls (D:2)
  2 adders
  An ufetubus (D:2)
  A worm (D:4)
  2 dart slugs
  An orc (D:3)
  7 endoplasms
  A giant cockroach (D:1)
  2 goblins (D:1)
  4 hobgoblins
  3 quokkas
  2 ball pythons
  4 bats
  6 frilled lizards
  2 kobolds (D:1)
  2 rats (D:1)
45 creatures vanquished.

Notes
Turn   | Place    | Note
-------+----------+-------------------------------------------
     0 | D:1      | KittyFluff the Gargoyle Berserker began the quest for the
                  | Orb.
     0 | D:1      | Reached XP level 1. HP: 14/14 MP: 1/1
   187 | D:1      | Reached XP level 2. HP: 19/19 MP: 2/2
   806 | D:2      | Reached XP level 3. HP: 22/23 MP: 3/3
   907 | D:2      | Identified the +3 chain mail of Atheism {Dex+8}
  1056 | D:2      | Reached XP level 4. HP: 22/29 MP: 4/4
  1394 | D:2      | Noticed Jessica
  1406 | D:2      | Killed Jessica
  1599 | D:2      | Reached ** piety under Trog
  1990 | D:3      | Identified the +1 short sword of Doom {flame, rC+ Int-2
                  | SInv}
  2165 | D:3      | Noticed Ijyb
  2193 | D:3      | Killed Ijyb
  2194 | D:3      | Reached XP level 5. HP: 25/33 MP: 5/5
  2231 | D:3      | Found a white marble altar of Elyvilon.
  2389 | D:3      | Identified the +1 glaive "Zedi" {freeze, Int+5}
  2424 | D:4      | Found a glowing drain.
  2439 | D:4      | Noticed a black bear
  2448 | D:4      | Slain by a black bear

Illustrated notes

Levels and vault maps discovered:
D:1:      tarquinn_simple_flora_water_d, layout_loops_cross
D:2:      layout_basic, uniq_jessica
D:3:      layout_basic, lemuel_round_altar, uniq_ijyb
D:4:      layout_basic, nicolae_overflow_hidden_temple,
          minmay_temple_entry_slanted, cheibrodos_sewer_entry_sluice

Skill      XL: |  1  2  3  4 |
---------------+-------------+-----
Armour         | 3 |  3.7
Dodging        | 2 |  2.2
Maces & Flails | 4 |  4.1
Fighting       | 4 |  4.0

Action                     |  1- 3 |  4- 6 || total
---------------------------+-------+-------++-------
  Melee: Mace              |    90 |    78 ||   168
         Punch             |     1 |     1 ||     2
 Invoke: Berserk           |       |     1 ||     1
    Use: Scroll            |       |     1 ||     1
 Armour: Animal skin       |    28 |       ||    28
         Leather armour    |     7 |     5 ||    12
         Robe              |       |    33 ||    33
  Dodge: Dodged            |    64 |    50 ||   114
